 Dungeon Crawl Stone Soup version 0.24.1-4-ge52af88ad5 (webtiles) character file.

Game seed: 2780517225451748800, levelgen mode: deterministic

86 MaYaM the Bolt Thrower (level 4, -1/37 HPs)
             Began as a Draconian Hunter on Apr 20, 2020.
             Slain by a worm (12 damage)
             ... on level 3 of the Dungeon.
             The game lasted 00:29:06 (3936 turns).

MaYaM the Bolt Thrower (Draconian Hunter)           Turns: 3936, Time: 00:29:07

Health: -1/37      AC:  5    Str: 18    XL:     4   Next: 27%
Magic:  4/4        EV: 12    Int: 11    God:
Gold:   125        SH:  0    Dex: 11    Spells: 3/3 levels left

rFire    . . .     SeeInvis .   p - +0 whip
rCold    . . .     Gourm    .   (no shield)
rNeg     . . .     Faith    .   (armour unavailable)
rPois    .         Spirit   .   (helmet restricted)
rElec    .         Reflect  .   (no cloak)
rCorr    .         Harm     .   (no gloves)
MR       .....                  (no boots)
Stlth    ++........             v - amulet of inaccuracy (curse)
HPRegen  0.12/turn              u - +2 ring of strength
MPRegen  0.09/turn              (no ring)

@: no status effects
A: unfitting armour, cold-blooded, AC +5
a: no special abilities


You were on level 3 of the Dungeon.
You were not hungry.

You visited 1 branch of the dungeon, and saw 3 of its levels.

You collected 125 gold pieces.

Inventory:

Hand Weapons
 a - a +1 hand crossbow
 p - a +0 whip (weapon)
 r - a +1 vampiric short sword
Missiles
 g - 37 arrows
Jewellery
 u - a +2 ring of strength (left hand)
 v - a cursed amulet of inaccuracy (around neck)
Scrolls
 b - a scroll of teleportation
 e - a scroll of identify
 o - 2 scrolls of enchant armour
Potions
 i - 2 potions of curing {unknown}
 w - 2 potions of mutation {unknown}
 z - a potion of flight {unknown}
Comestibles
 c - 2 chunks of flesh
 d - 2 rations


   Skills:
 + Level 2.8 Fighting
 + Level 4.9 Crossbows
 + Level 1.9 Dodging
 + Level 1.2 Stealth


You had 3 spell levels left.
You didn't know any spells.
Your spell library was empty.

Dungeon Overview and Level Annotations

Branches:
Dungeon (3/15)

Altars:
Hepliaklqana


Innate Abilities, Weirdness & Mutations

Your plain brown scales are hard. (AC +5)
You cannot fit into any form of body armour.
You are cold-blooded and may be slowed by cold attacks.


Message History

The worm is moderately wounded.
The worm barely misses you.
You barely miss the worm.
The worm is lightly wounded.
You hit the worm.
The worm is moderately wounded.
The worm bites you!
* * * LOW HITPOINT WARNING * * *
You closely miss the worm.
The worm is lightly wounded.
The worm barely misses you.
You barely miss the worm.
The worm is lightly wounded.
You barely miss the worm. You tail-slap the worm.
The worm is moderately wounded.
The worm barely misses you.
You barely miss the worm.
The worm is moderately wounded.
The worm bites you!
You die...

......# #.............##* ******
#..g..# #.......).....###########
##....#*#.........)÷............#
*#.....,#..#####.(##>............
*#...)...((....÷.###.............
*#####...#)###...###)............
,* *#....#....<..#.............
,* *,.(..(....#...............
,*** *,#((.####@###.............
,,>** *,.(##***#.w.##..).........
**,,***,#,**,,,.....##..........#
,,,,,,,,,,,,,,..$...#############
,,,,,,*,,,**,.......#
,,,,,,,,,,,,........#******
,,,********#.........,,,,,** ,,,*
#........##***,,* ,,,*
*,,,,,,,,,,,,**,***


You could see a worm.

Vanquished Creatures
  2 adders (D:2)
  An ooze (D:1)
  3 worms
  A dart slug (D:3)
  A leopard gecko (D:2)
  An orc (D:3)
  3 giant cockroaches
  10 goblins
  4 hobgoblins
  4 jackals (D:2)
  A quokka (D:2)
  5 bats
  2 frilled lizards
  5 kobolds
  8 rats
51 creatures vanquished.

Notes
Turn   | Place    | Note
-------+----------+-------------------------------------------
     0 | D:1      | MaYaM the Draconian Hunter began the quest for the Orb.
     0 | D:1      | Reached XP level 1. HP: 17/17 MP: 1/1
   482 | D:1      | Reached skill level 4 in Crossbows
   482 | D:1      | Reached XP level 2. HP: 24/24 MP: 2/2
  2180 | D:2      | Reached skill level 1 in Stealth
  2199 | D:2      | Reached XP level 3. HP: 3/29 MP: 3/3
  3157 | D:2      | Found a hazy altar of Hepliaklqana.
  3744 | D:3      | Reached XP level 4. HP: 37/37 MP: 4/4
  3936 | D:3      | Slain by a worm

Levels and vault maps discovered:
D:1:      dpeg_arrival_lava_temple_mockup, layout_basic
D:2:      layout_rooms, old_standard_altar
D:3:      layout_rooms, uniq_natasha, uniq_terence

Skill      XL: |  1  2 |
---------------+-------+-----
Crossbows      | 4 |  4.9
Stealth        | 1 |  1.2
Fighting       | |  2.8
Dodging        | |  1.9

Action                   |  1- 3 |  4- 6 || total
-------------------------+-------+-------++-------
Melee: Whip              |       |    39 ||    39
       Tailslap          |       |     3 ||     3
 Fire: Hand crossbow     |    96 |    32 ||   128
Throw: Stone             |    11 |       ||    11
  Use: Scroll            |     6 |     1 ||     7
  Eat: Ration            |     2 |       ||     2
       Chunk             |     1 |     1 ||     2
Armor: Skin              |    18 |    10 ||    28
Dodge: Dodged            |    26 |    29 ||    55
